 Dungeon Crawl Stone Soup version 0.28.0-62-gf88900778d (webtiles) character file.

Game seed: 6206491869965070909

271 Froggeryz the Cudgeller (level 6, -2/38 HPs)
             Began as a Gargoyle Gladiator on Sept 16, 2023.
             Shot with a bolt by a kobold brigand (11 damage)
             ... in a sewer on Sept 20, 2023.
             The game lasted 00:04:15 (3294 turns).

Froggeryz the Cudgeller (Gargoyle Gladiator)        Turns: 3294, Time: 00:04:16

Health: -2/38      AC: 11    Str: 17    XL:     6   Next: 23%
Magic:  6/6        EV: 11    Int:  9    God:
Gold:   44         SH:  0    Dex: 13    Spells: 5/5 levels left

rFire   . . .      SeeInvis .   a - +0 flail
rCold   . . .      Faith    .   (no shield)
rNeg    + . .      Spirit   .   r - +0 ring mail
rPois   ∞          Reflect  .   l - +0 helmet
rElec   +          Harm     .   (no cloak)
rCorr   .          Rampage  .   (no gloves)
Will    .....                   (no boots)
Stlth   +.........              (no amulet)
HPRegen 0.12/turn               (no ring)
MPRegen 0.10/turn               (no ring)

@: no status effects
A: sickness immunity, AC +4, negative energy resistance 1, electricity
resistance, torment resistance 1, petrification resistance
a: no special abilities


You were in a sewer.
You visited 1 branch of the dungeon, and saw 3 of its levels.
You also visited: Sewer.

You collected 58 gold pieces.
You spent 14 gold pieces at shops.

Inventory:

Hand Weapons
 a - a +0 flail (weapon)
Missiles
 d - 3 throwing nets
 h - 16 poisoned darts (quivered)
Armour
 l - a +0 helmet (worn)
 r - a +0 ring mail (worn)
Jewellery
 o - an amulet of faith
Scrolls
 e - 6 scrolls of identify {unknown}
 g - a scroll of noise {unknown}
 i - a scroll of vulnerability {unknown}
 j - a scroll of amnesia {unknown}
 k - a scroll of blinking {unknown}
 p - 2 scrolls of teleportation {unknown}
Potions
 b - a potion of cancellation {unknown}
 c - a potion of ambrosia {unknown}
 f - a potion of curing {unknown}
 m - a potion of lignification {unknown}
 n - a potion of berserk rage {unknown}
 q - 2 potions of heal wounds {unknown}


   Skills:
 + Level 3.9 Fighting
 * Level 5.2 Maces & Flails
 - Level 1.7 Throwing
 + Level 3.0 Armour
 - Level 2.4 Dodging


You had 5 spell levels left.
You didn't know any spells.
Your spell library contained the following spells:

 Spells                   Type           Power      Damage    Failure   Level
 Static Discharge         Conj/Air       0%         N/A       73%         2
 Lightning Bolt           Conj/Air       0%         1d11      100%        5
 Maxwell's Capacitive Co  Air            0%         ∞         100%        8


Dungeon Overview and Level Annotations

Branches:
Dungeon (3/15)              Sewer (1/1)

Altars:

Shops:
D:1 ?!?:


Innate Abilities, Weirdness & Mutations

You are immune to sickness and miasma.
Your stone body is resilient. (AC +4)
You are immune to poison.
You resist negative energy. (rN+)
You are resistant to electric shocks. (rElec)
You are resistant to unholy torment.
You are immune to petrification.


Message History

The kobold brigand hits you with a +0 club.
You see here a ball python corpse.
You barely miss the kobold brigand.
The kobold brigand hits you with a +0 club.
You closely miss the kobold brigand. The kobold brigand misses you.
The kobold brigand unwields a +0 club.
The kobold brigand wields a +0 hand crossbow.
The kobold brigand shoots a bolt.
The bolt hits you but does no damage.
The kobold brigand shoots a bolt.
The bolt barely misses you.
Throw: 19 darts (poison)
Press: ? - help, Q - select action, (/) - cycle Shift-Dir - straight line, f - kobold brigand
Aim: a kobold brigand, wielding a +0 hand crossbow and quivering bolts (50% to hit)
You throw a poisoned dart.
The poisoned dart hits the kobold brigand.
The kobold brigand is poisoned.
The kobold brigand shoots a bolt.
The bolt closely misses you.
Throw: 18 darts (poison)
Press: ? - help, Q - select action, (/) - cycle Shift-Dir - straight line, f/p - kobold brigand
Aim: a kobold brigand, wielding a +0 hand crossbow and quivering bolts (poisoned, 50% to hit)
You throw a poisoned dart.
The poisoned dart hits the kobold brigand.
The kobold brigand looks even sicker.
You hear a splash.
The kobold brigand shoots a bolt.
The bolt hits you.
Throw: 17 darts (poison)
Press: ? - help, Q - select action, (/) - cycle Shift-Dir - straight line, f/p - kobold brigand
Aim: a kobold brigand, wielding a +0 hand crossbow and quivering bolts (very poisoned, 50% to hit)
You throw a poisoned dart.
The poisoned dart hits the kobold brigand.
The kobold brigand looks even sicker.
You hear a splash.
The kobold brigand shoots a bolt.
The bolt hits you.
The kobold brigand shoots a bolt.
The bolt hits you but does no damage.
You enter the shallow water.
Moving in this stuff is going to be slow.
The kobold brigand shoots a bolt.
The bolt hits you.
The kobold brigand shoots a bolt.
The bolt hits you.
* * * LOW HITPOINT WARNING * * *
The kobold brigand shoots a bolt.
The bolt hits you!
You die...

##### ≈≈≈≈####### #≈≈...≈.##
≈≈ ### #≈≈≈≈≈≈≈≈# #..≈≈.≈.#
.≈≈S.###†≈.≈@≈.≈####.≈.≈...##
#≈≈≈K≈####..≈.##≈.≈≈≈..≈≈#
.≈≈≈.##### ##≈≈≈.≈.≈≈≈.≈...≈
### ##≈≈..≈.≈≈..≈..≈
#.≈..≈...∩....≈
#.≈≈≈.≈.....≈≈≈
#≈≈≈≈....∩.≈≈.. #######
##≈≈...≈....≈... #.≈≈≈≈#####
##≈.≈.≈.....≈≈.≈.


You could see a kobold brigand (very poisoned).

Vanquished Creatures
  An ogre (D:2)
  A kobold brigand (Sewer)
  A hound skeleton (D:2)
  A river rat (Sewer)
  2 adders
  3 worms
  3 dart slugs
  2 orcs (D:2)
  8 endoplasms
  4 goblins
  7 hobgoblins
  5 kobolds
  3 quokkas (D:1)
  7 ball pythons
  5 bats
  A frilled lizard (D:2)
  6 rats
60 creatures vanquished.

Notes
Turn   | Place    | Note
-------+----------+-------------------------------------------
     0 | D:1      | Froggeryz the Gargoyle Gladiator began the quest for the
                  | Orb.
     0 | D:1      | Reached XP level 1. HP: 12/12 MP: 1/1
   131 | D:1      | Found Suramew's Magic Scroll Boutique.
   205 | D:1      | Reached XP level 2. HP: 18/18 MP: 2/2
   241 | D:1      | Found Arghuisk's Magic Scroll Shop.
   536 | D:1      | Found Qipn's Distillery.
   548 | D:1      | Bought a potion of degeneration for 14 gold pieces
   589 | D:1      | Reached skill level 1 in Armour
   621 | D:1      | Found Unetheruwn's Book Shop.
   917 | D:1      | Reached XP level 3. HP: 22/22 MP: 3/3
  1224 | D:2      | Reached skill level 4 in Maces & Flails
  1272 | D:2      | Reached XP level 4. HP: 27/27 MP: 4/4
  1461 | D:2      | Noticed an ogre
  1478 | D:2      | Killed an ogre
  1479 | D:2      | Reached XP level 5. HP: 8/32 MP: 5/5
  1836 | D:2      | Found a faded altar of an unknown god.
  2499 | D:3      | Found a glowing drain.
  2546 | Sewer    | Entered a sewer
  2917 | Sewer    | Noticed a kobold brigand
  2944 | Sewer    | Killed a kobold brigand
  2945 | Sewer    | Reached skill level 5 in Maces & Flails
  2945 | Sewer    | Reached XP level 6. HP: 11/38 MP: 6/6
  3294 | Sewer    | Shot with a bolt by a kobold brigand

Illustrated notes

Levels and vault maps discovered:
D:1:      mrwooster_arrival_statue_2, layout_basic, serial_shops, shop,
          nicolae_lakefront_shop, shop, nicolae_shop_trees, moated_statue,
          corexii_item_surrounded_by_moat, st_stairs_12,
          nicolae_concentric_dashed_squares_mild
D:2:      layout_basic, dreamdust_ecumenical_altar_angels_and_demons
D:3:      layout_rooms, cheibrodos_sewer_entry_bend, minmay_misc_feat_enclosed
Sewer:    sewer_co_tree

Skill      XL: |  1  2  3  4  5 |
---------------+----------------+-----
Armour         | 1 2 3 |  3.0
Maces & Flails | 4 5 |  5.2
Fighting       | 3 |  3.9
Throwing       | |  1.7
Dodging        | |  2.4

Action                   |  1- 3 |  4- 6 || total
-------------------------+-------+-------++-------
Melee: Flail             |    98 |   166 ||   264
       Punch             |       |     1 ||     1
Throw: Dart              |       |     8 ||     8
Armor: Leather armour    |    47 |    32 ||    79
       Ring mail         |       |    35 ||    35
Dodge: Dodged            |    69 |   123 ||   192
